 Dungeon Crawl Stone Soup version 0.27.1-1-g398f81649c (webtiles) character file.

Game seed: 6338093401669047809

5783 MajorAdolf the Fighter (level 10, -5/98 HPs)
             Began as a Naga Wanderer on Sept 12, 2021.
             Was a Follower of Makhleb.
             Slain by an orc knight (12 damage)
             ... on level 9 of the Dungeon.
             The game lasted 00:20:58 (15541 turns).

MajorAdolf the Fighter (Naga Wanderer)             Turns: 15541, Time: 00:20:58

Health: -5/98      AC: 12    Str: 19    XL:     10   Next: 78%
Magic:  14/14      EV:  9    Int: 18    God:    Makhleb [*.....]
Gold:   206        SH: 10    Dex: 13    Spells: 9/9 levels left

rFire    + . .     SeeInvis +   R - +4 long sword (freeze)
rCold    + . .     Faith    .   c - +0 buckler
rNeg     . . .     Spirit   .   b - +2 scale mail
rPois    +         Reflect  +   A - +0 helmet
rElec    .         Harm     .   g - scarf {rC+ rF+}
rCorr    .         Rampage  .   E - +1 pair of gloves {Dex+3}
Will     +....                  (no barding)
Stlth    ..........             J - amulet of reflection
HPRegen  0.26/turn              V - +6 ring of intelligence
MPRegen  0.14/turn              (no ring)

@: studying Long Blades, very slow
A: AC +3, large, see invisible, deformed body, poison resistance, slowness 2,
spit poison 1, naga tail 1
a: Spit Poison, Renounce Religion


You were on level 9 of the Dungeon.
You worshipped Makhleb.
Makhleb was aware of your devotion.
You visited 3 branches of the dungeon, and saw 12 of its levels.

You collected 405 gold pieces.
You spent 199 gold pieces at shops.

Inventory:

Hand Weapons
 r - a +0 flail of holy wrath
 F - a +2 spear of venom
 R - a +4 long sword of freezing (weapon)
Missiles
 h - 11 javelins (quivered)
 j - 61 poisoned darts
 C - a throwing net
Armour
 b - a +2 scale mail (worn)
 c - a +0 buckler (worn)
 g - a scarf of resistance (worn)
 A - a +0 helmet (worn)
 E - a +1 pair of gloves of dexterity (worn)
Magical Staves
 e - a staff of death
Jewellery
 J - an amulet of reflection (around neck)
 V - a +6 ring of intelligence (left hand)
Wands
 m - a wand of digging (7)
 K - a wand of polymorph (9)
 T - a wand of iceblast (6)
Scrolls
 d - 2 scrolls of fear {unknown}
 i - 2 scrolls of immolation {unknown}
 l - 3 scrolls of teleportation {unknown}
 p - 10 scrolls of identify {unknown}
 q - a scroll of silence {unknown}
 w - a scroll of enchant armour {unknown}
 y - 2 scrolls of vulnerability {unknown}
 D - a scroll of acquirement {unknown}
 N - a scroll of blinking {unknown}
 P - a scroll of enchant weapon {unknown}
 Q - a scroll of fog {unknown}
 S - a scroll of magic mapping {unknown}
 U - a scroll of brand weapon {unknown}
 W - a scroll of noise {unknown}
Potions
 s - 3 potions of might {unknown}
 t - a potion of degeneration {unknown}
 u - 2 potions of curing {unknown}
 x - a potion of flight {unknown}
 G - a potion of resistance {unknown}
 H - a potion of brilliance {unknown}
 I - 3 potions of cancellation {unknown}
 M - a potion of mutation {unknown}


   Skills:
 + Level 8.6 Fighting
 - Level 1.0(2.1) Short Blades
 + Level 3.1(3.2) Long Blades
 - Level 1.0 Bows
 - Level 1.0 Throwing
 - Level 4.0 Armour
 + Level 5.7 Dodging
 + Level 5.9 Shields
 + Level 6.2 Invocations
 + Level 6.2 Evocations


You had 9 spell levels left.
You didn't know any spells.
Your spell library contained the following spells:

 Spells                   Type           Power      Damage    Failure   Level
 Animate Skeleton         Necr           0%         N/A       54%         1
 Apportation              Tloc           0%         N/A       54%         1
 Corona                   Hex            0%         N/A       54%         1
 Summon Small Mammal      Summ           0%         N/A       54%         1
 Inner Flame              Hex/Fire       0%         N/A       88%         3
 Cause Fear               Hex            0%         N/A       99%         4
 Freezing Cloud           Conj/Ice/Air   0%         6-21      100%        5
 Simulacrum               Ice/Necr       0%         N/A       100%        6
 Discord                  Hex            0%         N/A       100%        8
 Polar Vortex             Ice            0%         N/A       100%        9


Dungeon Overview and Level Annotations

Branches:
Dungeon (10/15)            Temple (1/1) D:4             Orc (1/2) D:9
   Lair: D:8-11

Altars:
Ashenzari
Cheibriados
Dithmenos
Elyvilon
Fedhas
Gozag
Hepliaklqana
Kikubaaqudgha
Makhleb
Nemelex Xobeh
Okawaru
Ru
Sif Muna
Trog
Uskayaw
Vehumet
Wu Jian
Xom
Yredelemnul
Zin
The Shining One

Shops:
D:4 *   D:5 *   D:6 [

Annotations:
D:5 3 runed translucent doors, Nanban's ghost, weakling OpDe
D:8 2 transporters, Garym's ghost, novice MiFi


Innate Abilities, Weirdness & Mutations

Your serpentine skin is tough. (AC +3)
You have supernaturally acute eyesight. (SInv)
Armour fits poorly on your strangely shaped body.
Your system is resistant to poisons. (rPois)
You cover ground very slowly.
You can spit poison.
You have a snake-like lower body.


Message History

The orc knight hits you with a +0 war axe!!
You slash the orc knight! You freeze the orc knight.
The orc knight is moderately wounded.
The orc knight hits you with a +0 war axe!
You hit the orc knight but do no damage.
The orc knight is moderately wounded.
You block the orc knight's attack.
Press: ? - help, Shift-Dir - straight line, f - orc knight
Aim: an orc knight, wielding a +0 war axe and wearing a +0 chain mail (moderately wounded)
The splash of poison hits the orc knight!
The orc knight is heavily wounded.
The orc knight hits you with a +0 war axe!
* * * LOW HITPOINT WARNING * * *
You feel much better. The orc knight closely misses you.
Okay, then.
You hit the orc knight. You freeze the orc knight.
The orc knight is heavily wounded.
The orc knight hits you with a +0 war axe!
* * * LOW HITPOINT WARNING * * *
You block the orc knight's attack.
You hit the orc knight but do no damage.
The orc knight is heavily wounded.
The orc knight hits you but does no damage.
You hit the orc knight but do no damage.
The orc knight is heavily wounded.
You block the orc knight's attack.
You slash the orc knight! You freeze the orc knight.
The orc knight is severely wounded.
You have got your breath back.
The orc knight barely misses you.
You hit the orc knight but do no damage.
The orc knight is severely wounded.
The orc knight hits you with a +0 war axe!!
* * * LOW HITPOINT WARNING * * *
The orc knight hits you with a +0 war axe.
* * * LOW HITPOINT WARNING * * *
You closely miss the orc knight.
The orc knight is severely wounded.
The orc knight hits you with a +0 war axe!
You die...

#.#.#.##.#.## #.# #.# #.#
#.#.#.##.#.# #.###.###..
#..........# #.##...####
......###### #>........#
###...# ####...##.# #.#.#
##)###.# #.#.# #.###.#
#.#.# ### #...... #.#<# #@#
#####.# #.#.# #o# #.).
###.#.# #)# #..# ..#.#.#
#.#############..# #.#.#)#
#................# #.#.#)##
######.#########.# #.#....#
#.#.........# .......#
##)#.#########
.......#############...#.##


You could see an orc knight.

Vanquished Creatures
  A two-headed ogre (D:9)
  A hornet (D:8)
  Grinder (D:5)
  A meliai zombie (D:6)
  A wraith (D:9)
  Menkaure (D:6)
  An acid dragon (D:8)
  2 water moccasins
  A sky beast (D:5)
  6 orc warriors
  3 ice beasts
  A necrophage (D:6)
  5 ogres
  2 black bears
  4 centaurs
  2 phantoms
  A bullfrog (D:8)
  A gnoll sergeant (D:5)
  2 scorpions
  A water moccasin skeleton (D:6)
  8 killer bees
  8 wights
  2 centaur zombies (D:5)
  3 hounds
  A bullfrog skeleton (D:7)
  6 orc priests
  2 iguanas
  Ijyb (D:4)
  Terence (D:2)
  Natasha (thrice) (D:2)
  4 orc wizards
  A killer bee zombie (D:5)
  A hound zombie (D:5)
  Robin (Temple)
  7 gnolls
  2 howler monkey skeletons
  8 adders
  2 shadow imps
  An ufetubus (D:4)
  4 dart slugs
  42 orcs
  3 endoplasms
  12 goblins
  6 hobgoblins
  8 jackals
  5 kobolds
  5 quokkas
  4 ball pythons
  7 bats
  4 frilled lizards
  A rat (D:1)
  A toadstool (D:1)
202 creatures vanquished.

Vanquished Creatures (others)
  5 plants (D:2)
  3 toadstools (D:1)
8 creatures vanquished.

Grand Total: 210 creatures vanquished

Notes
Turn   | Place    | Note
-------+----------+-------------------------------------------
     0 | D:1      | MajorAdolf the Naga Wanderer began the quest for the Orb.
     0 | D:1      | MajorAdolf set off with the following items: a +0 falchion,
                  | a +2 scale mail, a +0 buckler
     0 | D:1      | Reached XP level 1. HP: 25/25 MP: 1/1
   175 | D:1      | Reached XP level 2. HP: 32/32 MP: 2/2
   636 | D:1      | Reached XP level 3. HP: 19/39 MP: 3/3
  1081 | D:2      | Reached skill level 1 in Dodging
  1258 | D:2      | Noticed Terence
  1293 | D:2      | Killed Terence
  1294 | D:2      | Reached XP level 4. HP: 24/46 MP: 4/4
  1545 | D:2      | Found a faded altar of an unknown god.
  1547 | D:2      | Noticed Natasha
  1556 | D:2      | Killed Natasha
  1611 | D:2      | Noticed Natasha
  1652 | D:2      | Killed Natasha
  1653 | D:2      | Reached XP level 5. HP: 52/52 MP: 5/5
  1659 | D:2      | Noticed Natasha
  2036 | D:2      | Killed Natasha
  2605 | D:3      | Found a sacrificial altar of Ru.
  2683 | D:3      | Found a sparkling altar of Nemelex Xobeh.
  2927 | D:4      | Reached XP level 6. HP: 57/62 MP: 6/6
  3688 | D:3      | Found a bloodstained altar of Trog.
  4009 | D:4      | Reached skill level 1 in Evocations
  4048 | D:3      | Reached skill level 6 in Fighting
  4402 | D:4      | Noticed a water moccasin
  4415 | D:4      | Killed a water moccasin
  4416 | D:4      | Reached XP level 7. HP: 69/69 MP: 7/7
  4540 | D:4      | Found Eshu's Lightly-Used Armoury.
  4570 | D:4      | Bought a -3 demon trident for 1 gold piece
  4610 | D:4      | Noticed Ijyb
  4616 | D:5      | Entered Level 5 of the Dungeon
  4667 | D:4      | Killed Ijyb
  4962 | D:4      | Found a staircase to the Ecumenical Temple.
  5111 | D:4      | Noticed Robin
  5127 | Temple   | Entered the Ecumenical Temple
  5136 | Temple   | Killed Robin
  5325 | Temple   | Became a worshipper of Makhleb the Destroyer
  5984 | D:5      | Found a runed translucent gate.
  5986 | D:5      | Found a runed translucent gate.
  5987 | D:5      | Found a runed translucent gate.
  5990 | D:5      | Noticed Nanban's ghost (weakling OpDe)
  6023 | D:5      | Reached skill level 1 in Invocations
  6023 | D:5      | Reached XP level 8. HP: 67/78 MP: 8/8
  6448 | D:6      | Found Ruolekh's Armour Boutique.
  6602 | D:6      | Bought a +1 pair of gloves of dexterity for 198 gold pieces
  7366 | D:5      | Reached * piety under Makhleb
  7817 | D:5      | Found Zin's Purification Station.
  7820 | D:5      | Found a glowing silver altar of Zin.
  7852 | D:5      | Reached skill level 7 in Fighting
  7852 | D:5      | Reached XP level 9. HP: 46/86 MP: 11/11
  8150 | D:5      | Noticed Grinder
  8177 | D:5      | Killed Grinder
  8313 | D:5      | Found a shimmering blue altar of Sif Muna.
  9620 | D:6      | Found an ornate altar of the Wu Jian Council.
 10035 | D:6      | Noticed Menkaure
 10049 | D:6      | HP: 3/86 [Menkaure (19)]
 10057 | D:6      | Killed Menkaure
 10942 | D:6      | Reached skill level 5 in Shields
 11298 | D:7      | Found a shimmering altar of Xom.
 11302 | D:7      | Reached skill level 5 in Evocations
 11525 | D:7      | Found a basalt altar of Yredelemnul.
 11564 | D:7      | Reached skill level 5 in Dodging
 11712 | D:7      | Reached skill level 5 in Invocations
 11712 | D:7      | Reached XP level 10. HP: 80/96 MP: 13/13
 11884 | D:8      | Reached skill level 8 in Fighting
 12240 | D:8      | Noticed a moth of wrath
 12241 | D:8      | Found a bloodstained altar of Trog.
 12241 | D:8      | Noticed Garym's ghost (novice MiFi)
 12258 | D:8      | Found a transporter.
 12268 | D:8      | Found a transporter.
 12305 | D:8      | Paralysed by a hornet for 2 turns
 13265 | D:8      | Noticed a brown ugly thing
 13543 | D:9      | Found a snail-covered altar of Cheibriados.
 13688 | D:9      | Noticed a two-headed ogre
 13702 | D:9      | Killed a two-headed ogre
 14650 | D:9      | Found a staircase to the Orcish Mines.
 14986 | D:10     | Entered Level 10 of the Dungeon
 14986 | D:10     | Noticed a seven-headed hydra
 15198 | Orc:1    | Entered Level 1 of the Orcish Mines
 15199 | Orc:1    | Noticed an orc high priest
 15293 | Orc:1    | Noticed an orc knight
 15323 | Orc:1    | Noticed an orange demon
 15323 | Orc:1    | Noticed an orange demon
 15541 | D:9      | Slain by an orc knight

Illustrated notes

Levels and vault maps discovered:
D:1:      ldierk_water_garden, layout_loops_ring, minmay_misc_feat_ornament
D:2:      layout_loops_cross, serial_forest, infiniplex_forest_zigzag_2,
          infiniplex_forest_zigzag_1, infiniplex_forest_clump_diagonal,
          infiniplex_forest_clump_curved, ebering_ecumenical_altar_abandoned,
          uniq_terence, uniq_natasha
D:3:      layout_basic, old_standard_altar, general_overflow_altar,
          trog_butcher_becter
D:4:      layout_rooms, minmay_temple_entry_junction, serial_rivers,
          chequers_serial_rivers_large_b, chequers_serial_rivers_micro_a,
          chequers_serial_rivers_room_a, chequers_serial_rivers_room_b,
          minmay_shop_damaged, uniq_ijyb, uniq_robin
D:5:      layout_basic, zin_purify, lemuel_blue_sif_altar,
          gammafunk_ghost_necromancy, uniq_grinder
D:6:      layout_loops_cross, mainiacjoe_overflow_catwalk, serial_shops, shop,
          uniq_menkaure
D:7:      layout_cave_pools, mainiacjoe_overflow_tiny_flanked,
          overflow_temple_1_default
D:8:      layout_loops_ring, gammafunk_ghost_wrathful_warriors,
          lightli_corner_chamber
D:9:      layout_loops_ring, mainiacjoe_overflow_small_starburst, orc_0_dummy,
          kennysheep_crisscross
D:10:     layout_layer_cave, overflow_temple_1_default
Temple:   minmay_temple_bridge_abc
Orc:1:    layout_caves, mines1_david

Skill      XL: |  1  2  3  4  5  6  7  8  9 10 |
---------------+-------------------------------+-----
Dodging        | 1 2 3 5 |  5.7
Armour         | 2 3 4 |  4.0
Shields        | 2 3 4 5 |  5.9
Evocations     | 1 2 3 5 6 |  6.2
Fighting       | 6 7 8 |  8.6
Invocations    | 1 3 5 6 |  6.2
Long Blades    | 3 |  3.1
Short Blades   | |  1.0
Bows           | |  1.0
Throwing       | |  1.0

Action                   |  1- 3 |  4- 6 |  7- 9 | 10-12 || total
-------------------------+-------+-------+-------+-------++-------
Melee: Falchion          |    13 |       |       |       ||    13
       Long sword        |    64 |       |       |   125 ||   189
       Short sword       |       |   182 |   252 |       ||   434
       Spear             |       |       |   275 |    93 ||   368
       Flail             |       |       |    42 |    17 ||    59
Throw: Javelin           |       |       |     2 |       ||     2
 Abil: Spit Poison       |    14 |    25 |    19 |     7 ||    65
  Use: Potion            |       |       |     3 |     5 ||     8
Armor: Scale mail        |    68 |    82 |   377 |   101 ||   628
Dodge: Dodged            |    44 |    55 |   281 |   111 ||   491
Block: Buckler           |    30 |    22 |   176 |    99 ||   327
       Rpst.: Falchion   |     1 |       |       |       ||     1
       Long sword        |    15 |       |       |    12 ||    27
